 Dungeon Crawl Stone Soup version 0.31.0-1-g2c135a008e (webtiles) character file.

Game seed: 11502037270483527686

5578 qw the Skirmisher (level 11, -1/79 HPs)
             Began as a Djinni Hunter on Jan 23, 2024.
             Was a Priest of Okawaru.
             Slain by a yak (7 damage)
             ... on level 10 of the Dungeon.
             The game lasted 00:00:39 (6407 turns).

qw the Skirmisher (Djinni Hunter)                   Turns: 6407, Time: 00:00:40

Health: -1/79      AC:  9    Str:  9    XL:     11   Next: 2%
Gold:   128        EV: 20    Int: 16    God:    Okawaru [***...] SH:  0 Dex: 25

rFire   + + .        l - +1 orcbow (freeze)
rCold   x . .        (shield currently unavailable)
rNeg    . . .        i - +3 ring mail {rPois}
rPois   inf          (helmet restricted)
rElec   .            (no cloak)
rCorr   .            a - +2 pair of gloves
SInv    .            (boots unavailable)
Will    +....        b - amulet of Cexkis {Regen+ Str+2}
Stlth   ++           p - +5 ring of evasion
HPRegen 1.13/turn    k - +6 ring of dexterity
MPRegen 0.00/turn

%: infuse magic (-2 HP)
@: flying
A: sickness immunity, fire resistance 2, cold vulnerability 1, float, innate
caster, HP casting, extra vitality 1, horns 1, clever 1, deformed body, weak 1
a: Renounce Religion, Heroism


You were on level 10 of the Dungeon.
You worshipped Okawaru.
Okawaru was most pleased with you.
You visited 2 branches of the dungeon, and saw 11 of its levels.

You collected 489 gold pieces.
You spent 361 gold pieces at shops.


Innate Abilities, Weirdness & Mutations

You are immune to sickness and miasma.
You are immune to poison.
Your flesh is very heat resistant. (rF++)
You are vulnerable to cold. (rC-)
You float through the air rather than walking.
You learn spells naturally, not from books.
Your magical power is your life essence.
You have superior vitality. (+4 MHP)
You have a pair of small horns on your head.
Your mind is acute. (Int +4, Str/Dex -1)
Armour fits poorly on your strangely shaped body.
You are weak. (Str -2)


   Skills:
 - Level 7.0 Fighting
 + Level 9.9 Ranged Weapons
 - Level 3.3 Armour
 - Level 7.9 Dodging
 - Level 0.7 Stealth
 - Level 4.0 Invocations


You knew the following spells:

 Your Spells              Type           Power      Damage    Failure   Level
a - Kiss of Death         Conj/Necr      0%         2d5       54%         1
b - Call Imp              Summ           0%         N/A       69%         2
c - Ozocubu's Armour      Ice            0%         N/A       89%         3
d - Frozen Ramparts       Ice            0%         1d1       89%         3
e - Dimensional Bullseye  Hex/Tloc       0%         N/A       100%        4
Your spell library was empty.

Inventory:

Hand Weapons
 l - a +1 orcbow of freezing (weapon)
Armour
 a - a +2 pair of gloves (worn)
 i - a +3 ring mail of poison resistance (worn)
 n - a +3 leather armour of willpower
 o - a +0 troll leather armour
Jewellery
 b - the amulet of Cexkis (around neck) {Regen+ Str+2}
   (You found it on level 2 of the Dungeon)

   [amulet of regeneration]

   Str+2:     It affects your strength (+2).
   Regen+:    It increases your rate of health regeneration.
 k - a +6 ring of dexterity (right hand)
 p - a +5 ring of evasion (left hand)
Wands
 j - a wand of polymorph (2)
 q - a wand of roots (5)
 r - a wand of paralysis (6)
Scrolls
 c - 3 scrolls of teleportation
Potions
 d - a potion of resistance {unknown}
 e - 4 potions of heal wounds
 f - a potion of enlightenment
 g - a potion of might
 m - 5 potions of curing

Dungeon Overview and Level Annotations

Branches:
Dungeon (10/15)            Temple (1/1) D:6
   Lair: D:8-11         Orc: D:9-12

Altars:
Ashenzari
Cheibriados
Dithmenos
Elyvilon
Fedhas
Gozag
Hepliaklqana
Makhleb
Nemelex Xobeh
Okawaru
Qazlal
Ru
Trog
Uskayaw
Wu Jian
Xom
Yredelemnul
Zin
The Shining One

Shops:
D:4 (   D:5 :   D:7 [   D:8 !

Portals:
Bailey: D:10

Annotations:
D:4 2 transporters


Message History

Something barely misses you. Something bites you but does no damage.
You shoot an arrow. The yak bellows!
The arrow hits the yak.
The arrow freezes the yak.
The yak is lightly wounded.
Something hits you. Something closely misses you. The yak closely misses you.
The yak barely misses you. Something closely misses you.
Something bites you but does no damage.
You shoot an arrow. The arrow barely misses the yak.
The yak gores you!
You hear some strange, mumbled words.
You are confused.
The yak completely misses you.
6402 ||| DRINKING 6 potions of curing.
You feel better.
6402 ||| (to cure confusion)
The yak barely misses you. The yak gores you but does no damage.
Something barely misses you. Something bites you but does no damage.
You shoot an arrow. The arrow hits the yak!
The arrow freezes the yak.
You kill the yak!
Okawaru accepts your kill. The yak closely misses you. Something hits you.
Something bites you.
You shoot an arrow. The arrow hits the yak!
The arrow freezes the yak.
The yak is moderately wounded.
The yak completely misses you. Something hits you! Something bites you!
You shoot an arrow. The arrow hits the yak.
The arrow freezes the yak.
The yak is heavily wounded.
The yak gores you. Something hits you but does no damage. Something bites you.
The yak gores you but does no damage.
You shoot an arrow.
The arrow hits the yak but does no damage.
The yak is moderately wounded.
The yak barely misses you. x2; Something misses you.
Something bites you. The yak misses you.
You shoot an arrow. The arrow hits the yak.
The arrow freezes the yak.
The yak is heavily wounded.
The yak completely misses you. x2; The yak barely misses you.
Something hits you but does no damage. Something bites you!
The yak completely misses you. Something hits you.
Something bites you but does no damage. The yak gores you! x2
You die...

... .... #.. #... ##...
#..# .....##..##
..........#......
.....%....#.....
......{YY.#....
#@Y.#...# #...#...# .
#..##...#
....##..##...## #..
..............+ #..
....<.........# #..
##..##..###..##.....#..
### #..###..##....##..
.....#...##....##..


You could see 3 yaks.

Vanquished Creatures
  Pikel (D:5)
  A troll (D:9)
  A hornet (D:8)
  Grinder (D:5)
  Sigmund (D:4)
  6 yaks
  2 steam dragons
  Edmund (D:4)
  2 sky beasts (D:7)
  A black bear (D:6)
  An orc warrior (D:9)
  An ice beast (D:5)
  4 ogres
  2 centaurs
  3 kobold brigands
  4 bullfrogs
  A gnoll sergeant (D:8)
  3 scorpions (D:6)
  4 wights (D:9)
  3 killer bees (D:7)
  2 howler monkeys (D:10)
  A bombardier beetle (D:3)
  3 orc priests
  2 gnoll boudas (D:5)
  6 hounds
  A jelly (D:5)
  2 iguanas
  Ijyb (D:4)
  2 sleepcaps
  8 orc wizards
  Terence (D:2)
  Robin (D:3)
  13 gnolls
  4 adders
  4 white imps
  2 ufetubi (D:6)
  4 ribbon worms
  2 dart slugs
  25 orcs
  4 bats
  5 endoplasms
  3 giant cockroaches
  12 goblins
  12 hobgoblins
  3 quokkas
  10 ball pythons
  A frilled lizard (D:3)
  25 kobolds
  6 rats
208 creatures vanquished.

Notes
Turn   | Place    | Note
-------+----------+-------------------------------------------
     0 | D:1      | qw the Djinni Hunter began the quest for the Orb.
     0 | D:1      | Reached XP level 1. HP: 18/18 MP: 0/0
     0 | D:1      | 0 ||| qw: Version: 0.3-a-135-gb77e89d
     0 | D:1      | 0 ||| qw: Game counter: 790
     0 | D:1      | 0 ||| qw: Melee chars always use a shield: true
     0 | D:1      | 0 ||| qw: God list: Okawaru
     0 | D:1      | 0 ||| qw: Allow faded altars: false
     0 | D:1      | 0 ||| qw: Do Orc after clearing Dungeon:15 true
     0 | D:1      | 0 ||| qw: Do second Lair branch before Depths: true
     0 | D:1      | 0 ||| qw: Lair rune preference: random
     0 | D:1      | 0 ||| qw: Goals: Normal
     0 | D:1      | 0 ||| PLANNING D:1-11
     9 | D:1      | Found a faded altar of an unknown god.
    79 | D:1      | 79 ||| SWAPPING to +2 heavy sling.
    80 | D:1      | 80 ||| DROPPING +0 shortbow.
    98 | D:1      | Reached XP level 2. HP: 12/23 MP: 0/0
   296 | D:1      | Reached XP level 3. HP: 26/28 MP: 0/0
   296 | D:1      | Learned a level 1 spell: Kiss of Death
   356 | D:1      | Reached skill level 4 in Ranged Weapons
   449 | D:1      | 449 ||| UPGRADING to +0 pair of gloves.
   454 | D:1      | 454 ||| UPGRADING to ring of protection from cold.
   455 | D:1      | 455 ||| UPGRADING to +6 ring of dexterity.
   456 | D:1      | 456 ||| READING scroll labelled SATETY ROAHI.
   457 | D:1      | 457 ||| READING 2 scrolls labelled WEAREO WICHE.
   457 | D:1      | 457 ||| IDENTIFYING coppery potion
   458 | D:1      | 458 ||| READING scroll of identify.
   458 | D:1      | 458 ||| IDENTIFYING 2 bubbling silvery potions
   459 | D:1      | 459 ||| READING scroll labelled KIDDAC NAFFIGO.
   462 | D:1      | 462 ||| READING scroll labelled SENGAWI QUNN.
   463 | D:1      | 463 ||| READING scroll labelled VAISITWUACW.
   463 | D:1      | 463 ||| ENCHANTING +0 pair of gloves.
   464 | D:1      | 464 ||| DROPPING scroll of butterflies.
   465 | D:1      | 465 ||| DROPPING potion of lignification.
   466 | D:1      | 466 ||| DROPPING 2 potions of berserk rage.
   519 | D:2      | Identified the amulet of Cexkis {Regen+ Str+2}
   721 | D:2      | Noticed Terence
   723 | D:2      | Killed Terence
   724 | D:2      | Reached skill level 3 in Dodging
   724 | D:2      | Reached XP level 4. HP: 33/33 MP: 0/0
  1310 | D:2      | 1310 ||| UPGRADING to +0 ring mail.
  1320 | D:2      | 1320 ||| DROPPING +0 leather armour.
  1321 | D:2      | 1321 ||| UPGRADING to amulet of Cexkis {Regen+ Str+2}.
  1326 | D:2      | 1326 ||| READING scroll of identify.
  1326 | D:2      | 1326 ||| IDENTIFYING orange potion
  1327 | D:2      | 1327 ||| READING scroll labelled MAULOXUSICO.
  1428 | D:2      | 1428 ||| READING scroll labelled DONETYMNUBELI.
  1491 | D:3      | Reached skill level 1 in Armour
  1491 | D:3      | 1491 ||| READING scroll labelled UHOANTEU GIDAGA.
  1563 | D:3      | Reached XP level 5. HP: 39/39 MP: 0/0
  1563 | D:3      | Learned a level 2 spell: Call Imp
  1576 | D:3      | Noticed Robin
  1584 | D:3      | Killed Robin
  1585 | D:3      | HP: 7/39 [hobgoblin[Robin] (4)]
  1586 | D:3      | 1586 ||| DRINKING potion of heal wounds.
  1601 | D:3      | Reached skill level 3 in Fighting
  1743 | D:3      | Reached XP level 6. HP: 42/46 MP: 0/0
  1745 | D:3      | 1745 ||| FLEEEEING.
  1746 | D:3      | 1746 ||| DRINKING clear potion.
  1748 | D:3      | 1748 ||| DRINKING red potion.
  1917 | D:3      | 1917 ||| UPGRADING to +0 helmet.
  1938 | D:4      | Identified the +2 war axe of Foetov {antimagic, rN+ rCorr
                  | Dex-5 SInv}
  1943 | D:4      | Found a transporter.
  1947 | D:4      | Found Jane's Weapon Shop.
  2010 | D:4      | 2010 ||| READING scroll of enchant armour.
  2010 | D:4      | 2010 ||| ENCHANTING +1 pair of gloves.
  2028 | D:4      | Reached skill level 5 in Ranged Weapons
  2300 | D:4      | Noticed Ijyb
  2306 | D:4      | Killed Ijyb
  2357 | D:4      | Noticed Sigmund
  2357 | D:4      | Noticed Edmund
  2366 | D:4      | Killed Edmund
  2367 | D:4      | Reached XP level 7. HP: 27/52 MP: 0/0
  2367 | D:4      | Learned a level 3 spell: Ozocubu's Armour
  2372 | D:4      | Killed Sigmund
  2452 | D:4      | Found the +5 Force Lance {heavy, knockback}
  2660 | D:4      | Reached skill level 6 in Ranged Weapons
  2660 | D:4      | Reached XP level 8. HP: 58/58 MP: 0/0
  2682 | D:4      | Found a transporter.
  2891 | D:4      | 2891 ||| UPGRADING to +3 leather armour of willpower.
  2901 | D:4      | 2901 ||| DROPPING +0 ring mail.
  2902 | D:4      | 2902 ||| READING 3 scrolls of identify.
  2902 | D:4      | 2902 ||| IDENTIFYING bubbling orange potion
  2903 | D:4      | 2903 ||| READING 2 scrolls of identify.
  2903 | D:4      | 2903 ||| IDENTIFYING 2 scrolls labelled DEISUW YSAIJA
  2904 | D:4      | 2904 ||| DROPPING 2 scrolls of revelation.
  2926 | D:5      | Entered Level 5 of the Dungeon
  3121 | D:5      | Noticed Grinder
  3124 | D:5      | Paralysed by Grinder for 2 turns
  3128 | D:5      | Killed Grinder
  3129 | D:5      | Reached skill level 7 in Ranged Weapons
  3290 | D:5      | Reached XP level 9. HP: 65/65 MP: 0/0
  3290 | D:5      | Learned a level 3 spell: Frozen Ramparts
  3363 | D:5      | Found Zeewoet's Book Shoppe.
  3655 | D:5      | Reached skill level 6 in Dodging
  3685 | D:5      | Noticed Pikel
  3686 | D:5      | 3686 ||| RETREEEEATING.
  3694 | D:5      | Killed Pikel
  3695 | D:5      | Reached skill level 8 in Ranged Weapons
  3972 | D:5      | 3972 ||| READING scroll of identify.
  3972 | D:5      | 3972 ||| IDENTIFYING scroll labelled SOPSEK REINEUWK
  3973 | D:5      | 3973 ||| DROPPING scroll of torment.
  3974 | D:5      | 3974 ||| DROPPING wand of flame (41).
  4132 | D:6      | 4132 ||| READING scroll of enchant armour.
  4132 | D:6      | 4132 ||| ENCHANTING +0 helmet.
  4149 | D:6      | Found a staircase to the Ecumenical Temple.
  4150 | D:6      | 4150 ||| PLANNING TEMPLE
  4157 | Temple   | Entered the Ecumenical Temple
  4158 | Temple   | 4158 ||| PLANNING OKAWARU WORSHIP
  4166 | Temple   | Became a worshipper of Warmaster Okawaru
  4167 | Temple   | 4167 ||| PLANNING D:1-11
  4286 | D:6      | 4286 ||| FLEEEEING.
  4311 | D:6      | Reached skill level 6 in Fighting
  4439 | D:6      | Reached XP level 10. HP: 64/72 MP: 0/0
  4600 | D:7      | 4600 ||| DRINKING 2 cyan potions.
  4601 | D:7      | 4601 ||| DROPPING potion of brilliance.
  4650 | D:7      | Reached skill level 9 in Ranged Weapons
  4670 | D:7      | Found Ucosedul's Armour Boutique.
  4765 | D:7      | Reached * piety under Okawaru
  4965 | D:7      | Found a sparkling altar of Nemelex Xobeh.
  4993 | D:7      | Reached skill level 1 in Invocations
  5056 | D:7      | 5056 ||| DROPPING amulet of the acrobat.
  5057 | D:7      | 5057 ||| UPGRADING to +5 ring of evasion.
  5059 | D:7      | 5059 ||| DROPPING ring of protection from cold.
  5060 | D:7      | 5060 ||| READING scroll of identify.
  5060 | D:7      | 5060 ||| IDENTIFYING lumpy sapphire potion
  5061 | D:7      | 5061 ||| DRINKING potion of mutation.
  5061 | D:7      | Gained mutation: You have a pair of small horns on your
                  | head. [potion of mutation]
  5061 | D:7      | Gained mutation: Armour fits poorly on your strangely
                  | shaped body. [potion of mutation]
  5061 | D:7      | Gained mutation: You are weak. (Str -2) [potion of
                  | mutation]
  5061 | D:7      | Gained mutation: Your mind is acute. (Int +4, Str/Dex -1)
                  | [potion of mutation]
  5062 | D:7      | 5062 ||| DROPPING +1 helmet.
  5063 | D:7      | 5063 ||| READING scroll labelled XIUMYI OCRYUCH.
  5063 | D:7      | 5063 ||| ENCHANTING +2 heavy sling.
  5064 | D:7      | 5064 ||| DRINKING 2 smoky amethyst potions.
  5073 | D:6      | Found an opulent altar of Gozag.
  5073 | D:6      | Found a broken altar of Ashenzari.
  5083 | D:6      | 5083 ||| READING scroll of identify.
  5083 | D:6      | 5083 ||| IDENTIFYING fuming blue potion
  5096 | D:7      | 5096 ||| BUYING +3 ring mail of poison resistance (322
                  | gold).
  5096 | D:7      | Bought a +3 ring mail of poison resistance for 322 gold
                  | pieces
  5096 | D:7      | 5096 ||| UPGRADING to +3 ring mail of poison resistance.
  5226 | D:8      | 5226 ||| RETREEEEATING.
  5227 | D:8      | 5227 ||| RETREEEEATING.
  5228 | D:8      | 5228 ||| RETREEEEATING.
  5229 | D:8      | 5229 ||| RETREEEEATING.
  5230 | D:8      | 5230 ||| RETREEEEATING.
  5231 | D:8      | 5231 ||| FLEEEEING.
  5232 | D:8      | 5232 ||| FLEEEEING.
  5233 | D:8      | 5233 ||| FLEEEEING.
  5234 | D:8      | 5234 ||| FLEEEEING.
  5235 | D:8      | 5235 ||| FLEEEEING.
  5236 | D:8      | 5236 ||| FLEEEEING.
  5237 | D:8      | 5237 ||| FLEEEEING.
  5238 | D:8      | 5238 ||| FLEEEEING.
  5239 | D:8      | 5239 ||| FLEEEEING.
  5240 | D:8      | 5240 ||| FLEEEEING.
  5241 | D:8      | 5241 ||| FLEEEEING.
  5242 | D:8      | 5242 ||| FLEEEEING.
  5243 | D:8      | 5243 ||| FLEEEEING.
  5244 | D:8      | 5244 ||| FLEEEEING.
  5245 | D:8      | 5245 ||| RETREEEEATING.
  5247 | D:8      | 5247 ||| RETREEEEATING.
  5248 | D:8      | 5248 ||| RETREEEEATING.
  5256 | D:8      | 5256 ||| RETREEEEATING.
  5257 | D:8      | 5257 ||| RETREEEEATING.
  5258 | D:8      | 5258 ||| RETREEEEATING.
  5259 | D:8      | 5259 ||| RETREEEEATING.
  5270 | D:8      | Reached skill level 3 in Invocations
  5279 | D:8      | Reached ** piety under Okawaru
  5361 | D:8      | 5361 ||| RETREEEEATING.
  5362 | D:8      | 5362 ||| RETREEEEATING.
  5363 | D:8      | 5363 ||| RETREEEEATING.
  5364 | D:8      | 5364 ||| RETREEEEATING.
  5365 | D:8      | 5365 ||| RETREEEEATING.
  5366 | D:8      | 5366 ||| RETREEEEATING.
  5421 | D:8      | Found Viata's Distillery.
  5429 | D:8      | 5429 ||| SHOPLISTING potion of cancellation (104 gold, have
                  | 73).
  5429 | D:8      | 5429 ||| BUYING potion of curing (39 gold).
  5429 | D:8      | Bought a potion of curing for 39 gold pieces
  5429 | D:8      | 5429 ||| SHOPLISTING potion of curing (39 gold, have 34).
  5429 | D:8      | 5429 ||| SHOPLISTING potion of resistance (130 gold, have
                  | 34).
  5556 | D:8      | Found a hazy altar of Hepliaklqana.
  5612 | D:8      | Found a glowing golden altar of the Shining One.
  5823 | D:8      | 5823 ||| READING 2 scrolls of identify.
  5823 | D:8      | 5823 ||| IDENTIFYING 2 white potions
  5824 | D:8      | 5824 ||| READING scroll of identify.
  5824 | D:8      | 5824 ||| IDENTIFYING scroll labelled YGHEIL FACI
  5825 | D:8      | 5825 ||| DROPPING scroll of silence.
  5826 | D:8      | 5826 ||| DROPPING 2 potions of magic.
  5875 | D:9      | Reached skill level 3 in Armour
  5959 | D:9      | 5959 ||| SWAPPING to +0 orcbow.
  5960 | D:9      | 5960 ||| DROPPING +3 heavy sling.
  5961 | D:9      | 5961 ||| READING scroll of brand weapon.
  5961 | D:9      | 5961 ||| BRANDING +0 orcbow.
  6050 | D:9      | Reached *** piety under Okawaru
  6235 | D:9      | 6235 ||| READING scroll of enchant weapon.
  6235 | D:9      | 6235 ||| ENCHANTING +0 orcbow of freezing.
  6288 | D:9      | 6288 ||| READING scroll labelled FAONLANKOBLO.
  6289 | D:9      | 6289 ||| READING scroll labelled ARHEUJU NIUQI.
  6316 | D:10     | Entered Level 10 of the Dungeon
  6351 | D:10     | Found a flagged portal.
  6398 | D:10     | Reached XP level 11. HP: 64/79 MP: 0/0
  6398 | D:10     | Learned a level 4 spell: Dimensional Bullseye
  6402 | D:10     | 6402 ||| DRINKING 6 potions of curing.
  6402 | D:10     | 6402 ||| (to cure confusion)
  6407 | D:10     | HP: 17/79 [something (7)]
  6407 | D:10     | HP: 6/79 [yak (9)]
  6407 | D:10     | Slain by a yak

Levels and vault maps discovered:
D:1:      psy_arrival_terrarium, layout_rooms, shapermc_ecumenical_altar_venn,
          minmay_pentomino_q4
D:2:      layout_loops_corners, uniq_terence
D:3:      layout_rooms, kiku_gazebo_garden_becter, uniq_robin
D:4:      layout_loops_corners, serial_shops, nicolae_shop_drivethru,
          sigmund_edmund_badplayer, uniq_ijyb
D:5:      layout_basic, serial_shops, nicolae_diamond_shop, uniq_grinder,
          uniq_edmund, uniq_pikel
D:6:      layout_rooms, nicolae_overflow_hidden_temple,
          minmay_temple_entry_ruins, kennysheep_generic_room_14
D:7:      layout_rooms, nemelex_spade_bored_becter, serial_shops,
          nicolae_shop_hallway_stairs, kennysheep_doodads
D:8:      layout_gridville, mainiacjoe_overflow_brackets,
          general_overflow_altar, serial_shops, nicolae_shop_advertising_works
          [nicolae_subvault_shop_adworks]
D:9:      layout_cross
D:10:     layout_gridville, mainiacjoe_overflow_alcove_1, enter_bailey_4
Temple:   hellmonk_temple_two_chambers

Skill      XL: |  1  2  3  4  5  6  7  8  9 10 |
---------------+-------------------------------+-----
Ranged Weapons | 4 5 6 7 8 9 |  9.9
Dodging        | 3 4 5 7 |  7.9
Armour         | 1 2 3 |  3.3
Fighting       | 3 4 5 6 7 |  7.0
Invocations    | 4 |  4.0
Stealth        | |  0.7

Action                     |  1- 3 |  4- 6 |  7- 9 | 10-12 || total
---------------------------+-------+-------+-------+-------++-------
   Fire: Sling             |    41 |   115 |   197 |   169 ||   522
         Shortbow          |     3 |       |       |       ||     3
         Orcbow            |       |       |       |    42 ||    42
    Use: Scroll            |     6 |     5 |     4 |     9 ||    24
         Potion            |       |     3 |       |     4 ||     7
 Armour: Leather armour    |     8 |     2 |    48 |    21 ||    79
         Ring mail         |       |   115 |     7 |    94 ||   216
  Dodge: Dodged            |    20 |    90 |    67 |   183 ||   360

Table legend:
 A = Non-vault XP
 B = Vault XP
 C = Vault XP percentage of total XP
 D = Non-vault monster count
 E = Vault monster count
 F = Vault count percentage of total count
                 A         B        C        D         E       F
            +---------+---------+-------+---------+---------+-------
      Total |    6463 |    1506 |  18.9 |     180 |      28 |  13.5
            +---------+---------+-------+---------+---------+-------
        D:1 |      25 |       6 |  19.4 |      16 |       4 |  20.0
        D:2 |      16 |      32 |  66.7 |       9 |       1 |  10.0
        D:3 |     199 |      35 |  15.0 |      24 |      11 |  31.4
        D:4 |     318 |     425 |  57.2 |      15 |       3 |  16.7
        D:5 |     982 |     906 |  48.0 |      33 |       2 |   5.7
        D:6 |     921 |      90 |   8.9 |      26 |       2 |   7.1
        D:7 |     747 |       0 |   0.0 |      16 |       0 |   0.0
        D:8 |    1698 |       0 |   0.0 |      22 |       0 |   0.0
        D:9 |    1239 |       0 |   0.0 |      16 |       0 |   0.0
       D:10 |     318 |      12 |   3.6 |       3 |       5 |  62.5
            +---------+---------+-------+---------+---------+-------
